AoeStats
← hardervidertsie

Arabia

507319837Analyzed
1v1 RM · 16d ago on Sep 17, 2026· 44m 16s· 2 players
Game mode
Random Map
Map size
Tiny (2 player)
Population
200
Speed
Normal
Resources
Standard
Victory
Conquest
Starting age
Dark Age
Ending age
Imperial Age
RankedLock teamsTeams togetherTeam positionsShared explorationLock speedFull tech treeHidden civsTurbo modeCheats
Victory
Defeat
🇳🇱 Magyars · Netherlands
1324
+18
🇪🇸 Vietnamese · Spain
1373
-18
ZenUser
6:55 Loom
9:51 Feudal Age
10:23 Double-Bit Axe
10:21 Horse Collar
15:45 Wheelbarrow
20:26 Castle Age
18:26 Gold Mining
19:29 Scale Mail Armor
19:40 Forging
20:18 Town Watch
21:11 Squires
21:28 Chain Mail Armor
21:45 Bow Saw
21:55 Heavy Plow
23:21 Stone Mining
24:46 Fletching
25:36 Padded Archer Armor
25:38 Elite Skirmisher
27:27 Bodkin Arrow
29:34 Ballistics
30:01 Leather Archer Armor
30:56 Crossbowman
36:28 Imperial Age
34:52 Thumb Ring
36:46 Hand Cart
36:25 Pikeman
37:42 Iron Casting
37:13 Bracer
37:12 Imperial Skirmisher
37:13 Arbalester
38:46 Ring Archer Armor
38:48 Plate Mail Armor
39:47 Chemistry
38:15 Arbalester
40:21 Scale Barding Armor
40:15 Murder Holes
40:09 Halberdier
40:35 Arson
40:13 Elite Fire Lancer
hardervidertsie
7:04 Loom
9:44 Feudal Age
10:56 Double-Bit Axe
11:37 Horse Collar
14:50 Wheelbarrow
15:50 Gold Mining
20:48 Castle Age
19:42 Bloodlines
20:16 Scale Barding Armor
20:03 Fletching
20:51 Light Cavalry
21:29 Bodkin Arrow
21:59 Padded Archer Armor
22:53 Bow Saw
24:26 Town Watch
28:38 Heavy Plow
29:40 Ballistics
29:56 Leather Archer Armor
31:55 Hand Cart
31:38 Stone Mining
36:37 Imperial Age
34:48 Gold Shaft Mining
34:47 Masonry
34:18 Treadmill Crane
34:43 Husbandry
36:16 Chain Barding Armor
36:38 Corvinian Army
36:50 Thumb Ring
38:21 Chemistry
37:46 Conscription
37:36 Bracer
38:20 Plate Barding Armor
39:29 Two-Man Saw
39:05 Recurve Bow
40:02 Crop Rotation
39:26 Heavy Cavalry Archer
41:04 Ring Archer Armor
Connection lost

Rejoining the realm…

Still unreachable

The connection could not be restored.

Session expired

The server has moved on; the page needs a fresh start.